 Dungeon Crawl Stone Soup version 0.26.0-16-gc1dbca0489 (webtiles) character file.

Game seed: 4136028694951071906

103 thiole the Sneak (level 4, -3/27 HPs)
             Began as an Octopode Hedge Wizard on Jan 20, 2021.
             Slain by a gnoll
             ... wielding a +0 spear
              (10 damage)
             ... on level 2 of the Dungeon.
             The game lasted 00:02:05 (2581 turns).

thiole the Sneak (Octopode Hedge Wizard)            Turns: 2581, Time: 00:02:05

Health: -3/27      AC:  1    Str:  9    XL:     4   Next: 79%
Magic:  7/9        EV: 13    Int: 17    God:
Gold:   78         SH:  0    Dex: 11    Spells: 9/10 levels left

rFire    . . .     SeeInvis .   k - +1 dagger (elec)
rCold    . . .     Faith    .   (no shield)
rNeg     . . .     Spirit   .   b - +0 hat
rPois    .         Reflect  .   (no amulet)
rElec    .         Harm     .   (no ring)
rCorr    .         Rampage  .   (no ring)
Will     .....                  (no ring)
Stlth    +++.......             (no ring)
HPRegen  0.09/turn              (no ring)
MPRegen  0.11/turn              (no ring)
                                (no ring)
                                (no ring)

@: attractive
A: almost no armour, stealthy swim, amphibious, 8 rings, constrict 8, camouflage
1, gelatinous body 1
a: no special abilities


You were on level 2 of the Dungeon.
You visited 1 branch of the dungeon, and saw 2 of its levels.

You collected 78 gold pieces.

Inventory:

Hand Weapons
 a - a +0 dagger
 e - a +0 hunting sling
 k - a +1 dagger of electrocution (weapon)
Armour
 b - a +0 hat (worn)
Scrolls
 g - a scroll of identify {unknown}
 h - a scroll of fog {unknown}
 i - a scroll of remove curse {unknown}
Potions
 d - a potion of heal wounds {unknown}
 f - a potion of mutation {unknown}
 j - a potion of lignification {unknown}


   Skills:
 - Level 2.0 Dodging
 + Level 4.5 Stealth
 + Level 3.7 Spellcasting
 - Level 2.0 Conjurations
 - Level 2.0 Summonings
 - Level 1.0 Translocations


You had 9 spell levels left.
You knew the following spells:

 Your Spells              Type           Power        Failure   Level
a - Magic Dart            Conj           36%          7%          1

Your spell library contained the following spells:

 Spells                   Type           Power        Failure   Level
 Call Imp                 Summ           9%           11%         2
 Blink                    Tloc           N/A          16%         2
 Slow                     Hex            3%           24%         2
 Conjure Flame            Conj/Fire      6%           32%         3
 Mephitic Cloud           Conj/Pois/Air  5%           36%         3


Dungeon Overview and Level Annotations

Branches:
Dungeon (2/15)

Altars:
Nemelex Xobeh


Innate Abilities, Weirdness & Mutations

You cannot wear most types of armour.
You are very stealthy in the water. (Stealth+)
You are amphibious.
You can wear up to eight rings at the same time.
You can use your tentacles to constrict eight enemies at once.
Your skin changes colour to match your surroundings (Stealth+).
Your rubbery body absorbs attacks. (AC +1, EV +1)


Message History

You hit the gnoll. You grab the gnoll.
The gnoll is heavily wounded.
You constrict the gnoll. The gnoll closely misses you.
You hit the gnoll but do no damage.
The gnoll is heavily wounded.
You constrict the gnoll. The gnoll hits you with a +0 flail!
Ouch! That really hurt!
* * * LOW HITPOINT WARNING * * *
The gnoll closely misses you.
You hit the gnoll.
You kill the gnoll!
The gnoll closely misses you.
Unknown command.
It was a potion of attraction.
You feel attractive to monsters. The gnoll closely misses you.
The gnoll is pulled toward you! The dart slug is pulled toward you!
You closely miss the gnoll. You grab the gnoll. You constrict the gnoll.
The gnoll hits you with a +0 spear!
You die...

# . # $.
######## ...
#......# # ....
#.####.#.# #
##### ..... #^#
#.#.# # ....#
......#######.#
#.#.#.# ....#
.....wg@......#
#.#.#.# ....#
......#########
#.#.#.. ....#
..... #.#.###
....# ....
##†#.# # ....#
### #....###
....# #.......
....# #......#
....# #..###..
....#
###.##.##.


You could see a gnoll and a dart slug.

Vanquished Creatures
  Jessica (D:2)
  2 gnolls (D:2)
  An adder (D:2)
  An ooze (D:2)
  A worm (D:2)
  A dart slug (D:1)
  An orc (D:2)
  A ball python (D:2)
  2 bats (D:1)
  2 giant cockroaches
  3 goblins (D:1)
  5 hobgoblins
  6 jackals
  A quokka (D:2)
  4 frilled lizards (D:1)
  4 kobolds
36 creatures vanquished.

Notes
Turn   | Place    | Note
-------+----------+-------------------------------------------
     0 | D:1      | thiole the Octopode Hedge Wizard began the quest for the
                  | Orb.
     0 | D:1      | Reached XP level 1. HP: 11/11 MP: 4/4
   299 | D:1      | Reached skill level 3 in Stealth
   299 | D:1      | Reached XP level 2. HP: 4/17 MP: 3/6
  1729 | D:2      | Reached XP level 3. HP: 21/21 MP: 4/7
  2040 | D:2      | Found a sparkling altar of Nemelex Xobeh.
  2115 | D:2      | Noticed Jessica
  2119 | D:2      | Killed Jessica
  2120 | D:2      | Reached skill level 4 in Stealth
  2120 | D:2      | Reached XP level 4. HP: 16/27 MP: 7/9
  2581 | D:2      | Slain by a gnoll

Illustrated notes

Levels and vault maps discovered:
D:1:      dpeg_arrival_arbitrary_c, layout_basic
D:2:      layout_basic, nemelex_dance_club_becter, uniq_jessica

Skill      XL: |  1  2  3 |
---------------+----------+-----
Stealth        | 3 4 |  4.5
Conjurations   | 2 |  2.0
Summonings     | 2 |  2.0
Dodging        | |  2.0
Spellcasting   | |  3.7
Translocations | |  1.0

Action                   |  1- 3 |  4- 6 || total
-------------------------+-------+-------++-------
Melee: Dagger            |    42 |    16 ||    58
       Constrict         |    10 |     5 ||    15
       Tentacles         |    12 |     2 ||    14
 Cast: Magic Dart        |    53 |    18 ||    71
  Use: Potion            |       |     1 ||     1
Armor: Skin              |     3 |       ||     3
Dodge: Dodged            |    19 |    10 ||    29
